Map: Eternal Empire LE

Players

MarineLorD - Winner!

  • Race: Terran Terran
  • Spawn Location: 7:00

soul

  • Race: Terran Terran
  • League: Master
  • Spawn Location: 1:00

Event: DreamHack SC2 Masters 2020 Summer Europe

VOD

Have the link to the VOD?

Description

Time

  • Played on: July 5, 2020, 10:21 a.m.
  • Length: 3:26

All games in this series

Show
View Real Time Build Order
Export as new Build Order

MarineLorD Terran - Winner!

Build Orders:  

Get SALT Encoding   

  12  0:00  SCV  
  13  0:12  SCV  
  14  0:18  Supply Depot  
  14  0:24  SCV  
  15  0:40  Barracks  
  15  0:42  Refinery  
  15  1:00  Barracks  
  15  1:09  Barracks  
  15  1:27  Reaper  
  15  1:29  Supply Depot  
  16  1:35  Refinery  
  17  1:47  Reaper  
  17  2:00  Reaper  
  18  2:11  Reaper  
  19  2:16  Orbital Command  
  19  2:23  Reaper  
  20  2:33  Reaper  
  21  2:43  Reaper  
  22  2:45  SCV  
  23  2:57  SCV  
  26  3:09  SCV  
Show
View Real Time Build Order
Export as new Build Order

soul Terran 

Build Orders: Gas First Reaper Expand 

Get SALT Encoding   

  12  0:00  SCV  
  13  0:13  SCV  
  14  0:17  Supply Depot  
  14  0:25  SCV  
  14  0:28  Refinery  
  15  0:38  SCV  
  16  0:44  Barracks  
  16  0:50  SCV  
  17  1:03  SCV  
  18  1:16  SCV  
  19  1:31  Orbital Command, Reaper  
  20  1:43  Command Center  
  20  1:55  Factory  
  20  1:58  SCV  
  21  2:05  Barracks Reactor  
  21  2:10  SCV  
  21  2:14  Supply Depot  
  22  2:16  Refinery  
  22  2:22  SCV  
  23  2:35  SCV  
  24  2:41  Starport, Hellion  
  24  2:42  Marine x2  
  28  2:47  SCV  
  28  2:58  Orbital Command  
  28  2:59  Marine  
  28  3:00  Marine  
  28  3:01  SCV  
  26  3:13  SCV  
  26  3:15  Factory Tech Lab  
Tags
 
Add a new tag
Caveats
  • Supply blocks, unpowered buildings, or Contaminate may cause inaccurate times.
  • Supply counts are checked every 10 seconds.